Workbook

Sheet Demonstração resultados
A2: DEMONSTRAÇÃO DOS RESULTADOS PREVISIONAIS | H2: 1 | I2: 2 | J2: 3
A3: RENDIMENTOS
B4: Vendas em quantidades | H4: 6123 | I4: 6278 | J4: 6286
B5: Preço unitário de venda | G5: 60
B6: Vendas em valor | H6: =H4*$G$5 -> 367380 | I6: =I4*$G$5 -> 376680 | J6: =J4*$G$5 -> 377160
A8: GASTOS
B9: Custos variáveis | G9: 20 | H9: =H4*$G$9 -> 122460 | I9: =I4*$G$9 -> 125560 | J9: =J4*$G$9 -> 125720
B10: Custos fixos | H10: 60000 | I10: 60000 | J10: 60000
C11: Soma | H11: =SUM(H9:H10) -> 182460 | I11: =SUM(I9:I10) -> 185560 | J11: =SUM(J9:J10) -> 185720
A13: Resultado antes de Depreciações e Gastos de Financiamento | H13: =H6-H11 -> 184920 | I13: =I6-I11 -> 191120 | J13: =J6-J11 -> 191440
B14: Amortizações | H14: 120000 | I14: 120000 | J14: 120000
A15: RESULTADO OPERACIONAL | H15: =H13-H14 -> 64920 | I15: =I13-I14 -> 71120 | J15: =J13-J14 -> 71440
B16: Juros suportados | H16: ='Mapa finan. de investimento'!O20 -> 39015 | I16: ='Mapa finan. de investimento'!O7 -> 23250.074 | J16: ='Mapa finan. de investimento'!O8 -> 12072.154
A17: RESULTADOS ANTES DE IMPOSTO | H17: =H15-H16 -> 25905 | I17: =I15-I16 -> 47869.926 | J17: =J15-J16 -> 59367.846
B18: Impostos sobre o rendimento | G18: 0.25 | H18: =H17*$G$18 -> 6476.25 | I18: =I17*$G$18 -> 11967.482 | J18: =J17*$G$18 -> 14841.962
A19: RESULTADO LÍQUIDO DO EXERCÍCIO | H19: =H17-H18 -> 19428.75 | I19: =I17-I18 -> 35902.445 | J19: =J17-J18 -> 44525.885

Sheet Mapa investimento
A2: INVESTIMENTO EM CAP. FIXO | G2: 0 | H2: 1 | I2: 2 | J2: 3
A3: Infraestruturas | G3: 480000 | N3: Cálculo crédito concedido: | Q3: Vendas em valor/ dias de um ano (360) x PMR
C4: Total | G4: =G3 -> 480000 | H4: =H3 -> 0 | I4: =I3 -> 0 | J4: =J3 -> 0 | N4: Prazo médio de recebimentos | Q4: 90
A5: INVESTIMENTO EM FUNDO DE MANEIO | N5: Dias de um ano | P5: 360
A6: Crédito concedido | H6: ='Demonstração resultados'!H6/'Mapa investimento'!$P$5*'Mapa investimento'!$Q$4 -> 91845 | I6: ='Demonstração resultados'!I6/'Mapa investimento'!$P$5*'Mapa investimento'!$Q$4 -> 94170 | J6: ='Demonstração resultados'!J6/'Mapa investimento'!$P$5*'Mapa investimento'!$Q$4 -> 94290 | N6: Tempo (ano) | P6: 1 | Q6: 2 | R6: 3
A7: Crédito obtido | H7: =P9 -> 25410 | I7: =Q9 -> 25926.667 | J7: =R9 -> 25953.333 | N7: C. Fixos | O7: 30 | P7: ='Demonstração resultados'!H10/'Mapa investimento'!$P$5*'Mapa investimento'!$O$7 -> 5000 | Q7: ='Demonstração resultados'!I10/'Mapa investimento'!$P$5*'Mapa investimento'!$O$7 -> 5000 | R7: ='Demonstração resultados'!J10/'Mapa investimento'!$P$5*'Mapa investimento'!$O$7 -> 5000
C8: Total | H8: =H6-H7 -> 66435 | I8: =I6-I7 -> 68243.333 | J8: =J6-J7 -> 68336.667 | N8: C. Variáveis | O8: 60 | P8: ='Demonstração resultados'!H9/'Mapa investimento'!$P$5*'Mapa investimento'!$O$8 -> 20410 | Q8: ='Demonstração resultados'!I9/'Mapa investimento'!$P$5*'Mapa investimento'!$O$8 -> 20926.667 | R8: ='Demonstração resultados'!J9/'Mapa investimento'!$P$5*'Mapa investimento'!$O$8 -> 20953.333
A9: Variação Necessidades em Fundo de Maneio | G9: =G8 -> 0 | H9: =H8-G8 -> 66435 | I9: =I8-H9 -> 1808.3333 | J9: =J8-I8 -> 93.333333 | N9: Crédito obtido | P9: =SUM(P7:P8) -> 25410 | Q9: =SUM(Q7:Q8) -> 25926.667 | R9: =SUM(R7:R8) -> 25953.333
A10: INVESTIMENTO TOTAL | G10: =G4-G9 -> 480000 | H10: =H9 -> 66435 | I10: =I9 -> 1808.3333 | J10: =J9 -> 93.333333
A12: O financiamento do investimento será de por capital próprio e o restante por empréstimo bancário a 3 anos, pago através de uma renda inteira, anual, de termos normais e constantes, à taxa de 8%. Se houver necessidade de mais financiamento, só poderá ser de curto prazo e à taxa anual de 9,5% (NOTA: arredonde o eventual pedido de financiamento para os milhares de euros). Não se prevê a existência de IVA. A taxa de impostos sobre os lucros é de 25%, havendo a possibilidade de reporte de prejuízos para os anos seguintes.

Sheet Mapa finan. de investimento
A2: PLANO FINANCEIRO | D2: 0 | E2: 1 | F2: 2 | G2: 3
A3: Aplicações de Fundo | K3: Plano Financiamento c/ prestações Constantes
B4: Investimentos | D4: 480000 | N4: Taxa Juro = | O4: =8/100 -> 0.08
B5: Investimentos em Fundo de Maneio | D5: 0 | E5: ='Mapa investimento'!H10 -> 66435 | F5: ='Mapa investimento'!I10 -> 1808.3333 | G5: ='Mapa investimento'!J10 -> 93.333333 | L5: Anos | M5: Cap. Divida | N5: Amortização | O5: Juros | P5: Prest. Anual
B6: Reembolso de financiamentos | E6: =N6 -> 129374.08 | F6: =N7 -> 139724 | G6: =N8 -> 150901.92 | L6: 1 | M6: 420000 | N6: =+P6-O6 -> 129374.08 | O6: =M6*$O$4 -> 33600 | P6: =($M$6*$O$4)/(1-(1+$O$4)^-3) -> 162974.08
B7: Reembolso de financiamentos de curto prazo | F7: =E12 -> 57000 | L7: 2 | M7: =+M6-N6 -> 290625.92 | N7: =+P7-O7 -> 139724 | O7: =M7*$O$4 -> 23250.074 | P7: =($M$6*$O$4)/(1-(1+$O$4)^-3) -> 162974.08
B8: Disponibilidades e aplicações finais | E8: 620 | F8: -42010 | G8: -28479 | L8: 3 | M8: =+M7-N7 -> 150901.92 | N8: =+P8-O8 -> 150901.92 | O8: =M8*$O$4 -> 12072.154 | P8: =($M$6*$O$4)/(1-(1+$O$4)^-3) -> 162974.08
C9: Soma | D9: =SUM(D4:D8) -> 480000 | E9: =SUM(E5:E8) -> 196429.08 | F9: =SUM(F5:F8) -> 156522.34 | G9: =SUM(G5:G8) -> 122516.26
A10: Origem de fundos
B11: Capital social | D11: 60000
B12: Financiamentos | D12: 420000 | E12: 57000
B13: Autofinanciamentos | E13: ='Demonstração resultados'!H14+'Demonstração resultados'!H19 -> 139428.75 | F13: ='Demonstração resultados'!I14+'Demonstração resultados'!I19 -> 155902.44 | G13: ='Demonstração resultados'!J14+'Demonstração resultados'!J19 -> 164525.88
B14: Disponibilidades e aplicações iniciais | E14: 0 | F14: =E8 -> 620 | G14: =F8 -> -42010 | K14: Plano Financiamento Amortizações Constantes
C15: Soma | D15: =SUM(D11:D14) -> 480000 | E15: =SUM(E11:E14) -> 196428.75 | F15: =SUM(F13:F14) -> 156522.44 | G15: =SUM(G13:G14) -> 122515.88 | N15: Taxa Juro = | O15: =9.5/100 -> 0.095
L16: Anos | M16: Cap. Divida | N16: Amortização | O16: Juros | P16: Prest. Anual
L17: 1 | M17: =E12 -> 57000 | N17: =P17-O17 -> 57000 | O17: =M17*O15 -> 5415 | P17: =(M17*O15)/(1-(1+O15)^-1) -> 62415
M20: Total de Juros ano 1 | O20: =O17+O6 -> 39015
L23: C= (Emprestimo * i)/ 1-(1+i)^-n

Sheet Taxa de atualização
E1: Valores utilizados:
A2: (Taxa atualização) COC = rf + Prémio de risco | E2: rf | F2: 0.045
E3: Prémio r. | F3: 0.06
B4: COC | C4: =0.045+0.06 -> 0.105 | D4: =F3+F2 -> 0.105
D5: =C4+1 -> 1.105

Sheet Mapa fluxo de caixa
A1: Mapa de fluxo de caixa (Cenário inicial)
A2: Estimativas de rendibilidade | D2: 0 | E2: 1 | F2: 2 | G2: 3
A3: Fluxos de caixa de investimentos (-) | D3: ='Mapa investimento'!G10 -> 480000 | E3: ='Mapa investimento'!H10 -> 66435 | F3: ='Mapa investimento'!I10 -> 1808.3333 | G3: ='Mapa investimento'!J10 -> 93.333333
A4: Fluxos de caixa de financiamento (+) | D4: ='Mapa finan. de investimento'!D12 -> 420000 | E4: ='Mapa finan. de investimento'!E12 -> 57000 | F4: 0 | G4: 0
A5: Fluxos de caixa de autofinanciamento (+) | D5: 0 | E5: ='Mapa finan. de investimento'!E13 -> 139428.75 | F5: ='Mapa finan. de investimento'!F13 -> 155902.44 | G5: ='Mapa finan. de investimento'!G13 -> 164525.88
A6: Fluxos de caixa de amortização do financiamento (-) | E6: ='Mapa finan. de investimento'!E6+'Mapa finan. de investimento'!E7 -> 129374.08 | F6: ='Mapa finan. de investimento'!F6+'Mapa finan. de investimento'!F7 -> 196724 | G6: ='Mapa finan. de investimento'!G6+'Mapa finan. de investimento'!G7 -> 150901.92
A7: Valor residual do capital fixo (+)
A8: Valor residual do Fundo de Maneio (+) | G8: ='Mapa investimento'!H10+'Mapa investimento'!I10+'Mapa investimento'!J10 -> 68336.667
A9: Fluxo de entradas de caixa | D9: =+D4+D5+D7+D8 -> 420000 | E9: =+E4+E5+E7+E8 -> 196428.75 | F9: =+F4+F5+F7+F8 -> 155902.44 | G9: =+G4+G5+G7+G8 -> 232862.55
A10: Fluxos de saídas de caixa | D10: =+D3+D6 -> 480000 | E10: =+E3+E6 -> 195809.08 | F10: =+F3+F6 -> 198532.34 | G10: =+G3+G6 -> 150995.26
A11: Fluxos de caixa totais | D11: =+D9-D10 -> -60000 | E11: =+E9-E10 -> 619.6741 | F11: =+F9-F10 -> -42629.891 | G11: =+G9-G10 -> 81867.296 | I11: Casf flow total | L11: =E13+F13+G13 -> 26324.522
A12: Fator de atualização | D12: 1 | E12: =+$D$12/'Taxa de atualização'!D5^1 -> 0.90497738 | F12: =+$D$12/'Taxa de atualização'!D5^2 -> 0.81898405 | G12: =+$D$12/'Taxa de atualização'!D5^3 -> 0.74116204 | I12: taxa de atualização | L12: ='Taxa de atualização'!D5 -> 1.105
A13: Fluxo de caixa actualizado | D13: =+D11*D12 -> -60000 | E13: =+E11*E12 -> 560.79104 | F13: =+F11*F12 -> -34913.201 | G13: =+G11*G12 -> 60676.932 | I13: Investimento realizado no ano t | L13: =-D13 -> 60000
A14: Fluxo de caixa actualizado acumulado | D14: =+D13 -> -60000 | E14: =+D14+E13 -> -59439.209 | F14: =+E14+F13 -> -94352.41 | G14: =+F14+G13 -> -33675.478
A15: Valor Actualizado Líquido (VAL) | D15: =G14 -> -33675.478
A16: Período de Recuperação do Investimento (PRI) | D16: >3 anos
A17: Taxa interna de rendibilidade (TIR) | D17: =IRR(D11:G11) -> -0.098601206
A18: Índice de rendibilidade (IR) | D18: =(L11/L12^5)/(L13/L12^5) -> 0.43874204
